 Dungeon Crawl Stone Soup version 0.22.1-1-ga44c0e56f4 (webtiles) character file.

42251 Dommiel19 the Severer (level 13, -6/184 HPs)
             Began as a Minotaur Berserker on Oct 8, 2018.
             Was a High Priest of Trog.
             Succumbed to poison (poison gas)
             ... on level 6 of the Lair of Beasts.
             The game lasted 00:31:10 (17746 turns).

Dommiel19 the Severer (Minotaur Berserker)         Turns: 17746, Time: 00:31:10

Health: -6/184     AC: 23    Str: 31    XL:     13   Next: 84%
Magic:  12/12      EV: 10    Int:  4    God:    Trog [*****.]
Gold:   817        SH:  3    Dex: 18    Spells: 12/12 levels left

rFire    . . .     SeeInvis .   i - +5 executioner's axe (chop)
rCold    . . .     Gourm    .   (shield currently unavailable)
rNeg     . . .     Faith    .   p - +0 plate armour
rPois    .         Spirit   .   (helmet restricted)
rElec    .         Reflect  +   l - +1 cloak
rCorr    .         Harm     .   (no gloves)
MR       +....                  x - +0 pair of boots
Stlth    ..........             a - +3 amulet of reflection
HPRegen  0.40/turn              b - ring of protection from magic
MPRegen  0.13/turn              G - +5 ring of dexterity

@: berserking (expiring), lethally poisoned (-6 -> -136), slow
A: retaliatory headbutt, horns 2, yellow scales 1, agile 1
a: Berserk, Trog's Hand, Brothers in Arms, Renounce Religion


You were on level 6 of the Lair of Beasts.
You worshipped Trog.
Trog was extremely pleased with you.
You were very hungry.

You visited 2 branches of the dungeon, and saw 16 of its levels.
You also visited: Sewer and Ossuary.

You collected 1058 gold pieces.
You spent 241 gold pieces at shops.

Inventory:

Hand Weapons
 i - a +5 executioner's axe of chopping (weapon)
Armour
 l - a +1 cloak (worn)
 p - a +0 plate armour (worn)
 x - a +0 pair of boots (worn)
Jewellery
 a - a +3 amulet of reflection (around neck)
 b - a ring of protection from magic (left hand)
 d - an uncursed ring of positive energy
 G - a +5 ring of dexterity (right hand)
Wands
 m - a wand of clouds (9)
 n - a wand of iceblast (20)
 r - a wand of scattershot (7)
 t - a wand of acid (9)
 v - a wand of digging (12)
 B - a wand of paralysis (28)
Scrolls
 f - 16 scrolls of teleportation
 k - 2 scrolls of enchant armour
 s - 8 scrolls of identify
 u - 9 scrolls of remove curse
 y - 2 scrolls of magic mapping
 D - 3 scrolls of fog
 E - 2 scrolls of blinking
Potions
 e - 6 potions of flight
 g - 3 potions of resistance
 h - 2 potions of invisibility
 o - 4 potions of might
 q - 9 potions of curing
 z - 6 potions of heal wounds
 A - 2 potions of agility
 F - 5 potions of haste
Comestibles
 c - 23 rations


   Skills:
 + Level 13.6 Fighting
 * Level 18.2 Axes
 * Level 16.1 Armour
 - Level 2.1 Dodging


You had 12 spell levels left.
You didn't know any spells.
Your spell library was empty.

Dungeon Overview and Level Annotations

Branches:
Dungeon (10/15)            Temple (0/1) D:7            Lair (6/6) D:8
  Swamp (0/4) Lair:3       Spider (0/4) Lair:2        Slime (0/5) Lair:6
    Orc: D:9-12

Altars:
Cheibriados
Dithmenos
Elyvilon
Fedhas
Makhleb
Nemelex Xobeh
Okawaru
Qazlal
Trog
Uskayaw
Vehumet
Xom
Zin
The Shining One
Jiyva

Shops:
D:4 (   D:7 *   D:8 ?

Annotations:
D:4 2 transporters, Divine's ghost, novice DsBe
Lair:1 exclusion: 2 oklob plants
Lair:2 exclusion: oklob plant
Lair:6 2 transporters, 1 runed door, exclusion: 3 oklob plants, GsBirdie's ghost, journeyman DrCj


Innate Abilities, Weirdness & Mutations

You reflexively headbutt those who attack you in melee.
You have a pair of horns on your head.
You are partially covered in yellow scales. (AC +2)
You are agile. (Dex +2)


Message History

The swamp dragon bites you but does no damage.
The swamp dragon claws you.
* * * LOW HITPOINT WARNING * * *
The swamp dragon tramples you but does no damage.
You barely miss the swamp dragon. You headbutt the swamp dragon!
You kill the swamp dragon!
Trog accepts your kill.
You are engulfed in poison gas.
You are more poisoned.
* * * LOW HITPOINT WARNING * * *
x2 You feel extremely sick.
You are too berserk!
* * * LOW HITPOINT WARNING * * *
You feel extremely sick.
You are too berserk!
You are too berserk!
You enter the shallow water.
Moving in this stuff is going to be slow.
You feel a strong urge to attack something.
You die...

♣♣♣♣♣
♣♣%.≈≈♣♣♣
♣..≈≈≈≈.♣
♣P.≈≈≈≈.♣♣
D§§♣♣.≈§§♣♣♣
♣♣§≈.§§♣♣
♣♣§≈§§.♣♣
♣♣§.§§§♣
♣♣§@.§♣♣
♣≈♣[♣.♣♣
♣♣÷≈....♣
♣.♣≈≈..P♣ #
♣.♣≈≈≈♣♣.♣♣
#
♣P≈≈♣♣≈≈♣.P♣
# ♣≈≈.
♣♣≈P.♣♣ #
♣≈≈. ♣≈≈≈.♣
≈.≈.
♣..♣≈≈♣♣


There were no monsters in sight!

Vanquished Creatures
  Josephine (Lair:4)
  4 hydras
  2 two-headed ogres (D:10)
  Nergalle (Lair:1)
  An unseen horror (D:10)
  A swamp dragon (Lair:6)
  2 lindwurms (Lair:6)
  A wolf spider (Lair:2)
  Pikel (D:7)
  11 elephants
  5 black mambas
  Joseph (D:7)
  6 spiny frogs
  5 torpor snails (Lair:6)
  4 rime drakes
  2 komodo dragons
  2 polar bears (Lair:4)
  A queen bee (D:8)
  3 tyrant leeches (Lair:6)
  16 blink frogs
  Prince Ribbit (Lair:2)
  8 hornets (Lair:6)
  Grinder (D:4)
  4 dream sheep
  3 hippogriffs
  5 wraiths (Lair:4)
  24 yaks
  Grum (D:8)
  3 basilisks
  3 steam dragons (Lair:6)
  Edmund (D:5)
  An acid dragon (Lair:6)
  8 water moccasins
  Duvessa (D:5)
  9 porcupines
  3 ice beasts
  2 sky beasts
  3 orc warriors
  An eye of draining (D:8)
  2 slaves (D:7)
  A phantom (D:7)
  3 black bears
  17 wolves
  4 ogres
  A necrophage (D:6)
  3 centaurs
  13 crocodiles
  11 bullfrogs
  Dowan (D:5)
  10 scorpions
  27 killer bees (D:8)
  5 wights (D:7)
  An electric eel (Lair:3)
  5 crimson imps
  A bullfrog zombie (D:7)
  10 orc priests
  11 orc wizards
  7 hounds
  3 jellies
  Crazy Yiuf (D:2)
  3 bullfrog skeletons
  Jessica (D:2)
  2 iguanas (Lair:6)
  Ijyb (D:5)
  Natasha (thrice) (D:2)
  2 centaur skeletons
  11 worker ants
  A killer bee zombie (D:6)
  A hound zombie (D:7)
  3 mummies (Ossuary)
  Robin (D:2)
  15 adders
  2 river rats (D:5)
  A shadow imp (D:7)
  2 oozes
  A worm zombie (D:4)
  An adder skeleton (D:8)
  4 adder zombies
  8 worms
  2 dart slugs (D:1)
  4 leopard geckos
  36 orcs
  A ball python (D:5)
  11 bats
  8 giant cockroaches
  19 goblins
  13 hobgoblins
  15 jackals
  9 kobolds
  4 quokkas
  5 frilled lizards
  3 gnoll zombies (Ossuary)
  3 goblin zombies (Ossuary)
  A hobgoblin zombie (Ossuary)
  2 kobold zombies (Ossuary)
  4 quokka zombies (Ossuary)
  9 rats
  3 rat zombies
  3 fungi (Lair:6)
  16 plants
523 creatures vanquished.

Vanquished Creatures (others)
  2 orcs (D:6)
  A bush (Lair:4)
  7 fungi
  23 plants
33 creatures vanquished.

Grand Total: 556 creatures vanquished

Notes
Turn   | Place    | Note
-------+----------+-------------------------------------------
     0 | D:1      | Dommiel19 the Minotaur Berserker began the quest for the
                  | Orb.
     0 | D:1      | Reached XP level 1. HP: 19/19 MP: 0/0
   233 | D:1      | Reached skill level 4 in Axes
   239 | D:1      | Reached XP level 2. HP: 26/27 MP: 1/1
   487 | D:1      | Reached XP level 3. HP: 33/33 MP: 2/2
   826 | D:2      | Noticed Robin
   831 | D:1      | Reached ** piety under Trog
   841 | D:1      | Reached skill level 5 in Axes
  1133 | D:2      | Noticed Jessica
  1144 | D:2      | Killed Jessica
  1144 | D:2      | Reached XP level 4. HP: 11/41 MP: 3/3
  1423 | D:2      | Noticed Natasha
  1428 | D:2      | Killed Natasha
  1573 | D:2      | Noticed Natasha
  1583 | D:2      | Killed Natasha
  1583 | D:2      | Reached skill level 6 in Axes
  1583 | D:2      | Reached XP level 5. HP: 31/47 MP: 4/4
  1772 | D:2      | Noticed Natasha
  1778 | D:2      | Killed Natasha
  1778 | D:2      | Reached skill level 5 in Fighting
  1969 | D:2      | Found a shimmering altar of Xom.
  2165 | D:2      | Found a runed door.
  2361 | D:2      | Killed Robin
  2560 | D:2      | Noticed Crazy Yiuf
  2569 | D:2      | Killed Crazy Yiuf
  2584 | D:2      | HP: 3/72 [poisoned by Crazy Yiuf]
  2591 | D:2      | HP: 2/48 [poisoned by Crazy Yiuf]
  3042 | D:3      | Found an iron altar of Okawaru.
  3076 | D:3      | Found a shadowy altar of Dithmenos.
  3076 | D:3      | Found a stormy altar of Qazlal.
  3285 | D:3      | Reached skill level 7 in Axes
  3285 | D:3      | Reached XP level 6. HP: 56/56 MP: 5/5
  3434 | D:3      | Reached *** piety under Trog
  3509 | D:3      | Found a glowing golden altar of the Shining One.
  3662 | D:3      | Gained mutation: You are agile. (Dex +2) [potion of
                  | mutation]
  3662 | D:3      | Gained mutation: You are partially covered in yellow
                  | scales. (AC +2) [potion of mutation]
  3741 | D:4      | Found Conn's Antique Weapon Boutique.
  3750 | D:4      | Found a sparkling altar of Nemelex Xobeh.
  3795 | D:4      | Found a burning altar of Makhleb.
  3807 | D:4      | Noticed Divine's ghost (novice DsBe)
  3826 | D:4      | Found a transporter.
  3834 | D:4      | Found a transporter.
  3914 | D:4      | Found a sand-covered staircase.
  3914 | D:4      | Noticed Grinder
  3924 | D:4      | Killed Grinder
  3924 | D:4      | Reached skill level 8 in Axes
  3924 | D:4      | Reached XP level 7. HP: 49/63 MP: 2/6
  3935 | Ossuary  | Entered an ossuary
  4113 | D:4      | Reached skill level 9 in Axes
  4258 | D:4      | Reached **** piety under Trog
  4469 | D:4      | Bought a battleaxe for 136 gold pieces
  4527 | D:5      | Entered Level 5 of the Dungeon
  4529 | D:5      | Noticed Duvessa
  4533 | D:5      | Noticed Dowan
  4536 | D:5      | Killed Duvessa
  4549 | D:5      | Killed Dowan
  4549 | D:5      | Reached XP level 8. HP: 73/73 MP: 7/7
  4552 | D:5      | Noticed Ijyb
  4557 | D:5      | Reached skill level 10 in Axes
  4563 | D:5      | Killed Ijyb
  4672 | D:5      | Noticed Edmund
  4680 | D:5      | Killed Edmund
  4969 | D:5      | Reached skill level 11 in Axes
  4992 | D:5      | Found a glowing drain.
  5057 | Sewer    | Entered a sewer
  6194 | D:5      | Found a blossoming altar of Fedhas.
  6296 | D:6      | Found a snail-covered altar of Cheibriados.
  6301 | D:6      | Reached skill level 5 in Armour
  6313 | D:6      | Reached XP level 9. HP: 82/82 MP: 8/8
  6405 | D:6      | Found a radiant altar of Vehumet.
  6565 | D:6      | Reached ***** piety under Trog
  6799 | D:7      | Noticed Joseph
  6817 | D:7      | Killed Joseph
  6817 | D:7      | Reached skill level 12 in Axes
  6895 | D:7      | Found a staircase to the Ecumenical Temple.
  6991 | D:7      | Noticed Pikel
  7001 | D:7      | Killed Pikel
  7034 | D:7      | You fall through a shaft for 3 floors!
  7034 | D:10     | Entered Level 10 of the Dungeon
  7282 | D:8      | Reached XP level 10. HP: 74/91 MP: 9/9
  7300 | D:8      | Noticed Grum
  7307 | D:8      | Killed Grum
  7493 | D:8      | Reached skill level 13 in Axes
  7493 | D:8      | Received a gift from Trog
  7716 | D:7      | Found Jaewniy's General Store.
  7719 | D:7      | Bought a scroll of enchant weapon for 105 gold pieces
  7781 | D:7      | Reached skill level 10 in Fighting
  8215 | D:8      | Found a hide-covered altar of Uskayaw.
  8328 | D:8      | Received a gift from Trog
  8328 | D:8      | Reached skill level 10 in Armour
  8458 | D:8      | Found a bloodstained altar of Trog.
  8571 | D:8      | Found Nuwk's Magic Scroll Shop.
  8584 | D:8      | Found a staircase to the Lair.
  9246 | D:9      | Found a blossoming altar of Fedhas.
  9246 | D:9      | Found a white marble altar of Elyvilon.
  9483 | D:10     | Reached skill level 14 in Axes
  9594 | D:10     | Noticed a two-headed ogre
  9602 | D:10     | Killed a two-headed ogre
  9602 | D:10     | Reached XP level 11. HP: 89/101 MP: 10/10
  9751 | D:10     | Killed an unseen horror
  9852 | D:10     | Noticed a two-headed ogre
  9858 | D:10     | Killed a two-headed ogre
 10145 | Lair:1   | Entered Level 1 of the Lair of Beasts
 10155 | Lair:1   | Noticed Nergalle
 10161 | Lair:1   | Killed Nergalle
 10364 | Lair:1   | Noticed an oklob plant
 10364 | Lair:1   | Noticed an oklob plant
 10989 | Lair:2   | Reached skill level 15 in Axes
 11235 | Lair:2   | Found a hole to the Spider Nest.
 11236 | Lair:2   | Noticed a wolf spider
 11241 | Lair:2   | Killed a wolf spider
 11371 | Lair:2   | Noticed Prince Ribbit
 11372 | Lair:2   | Noticed a seven-headed hydra
 11378 | Lair:2   | Killed Prince Ribbit
 11379 | Lair:2   | Received a gift from Trog
 11381 | Lair:2   | Killed a ten-headed hydra
 11552 | Lair:2   | Noticed an oklob plant
 11695 | Lair:2   | Found a glowing silver altar of Zin.
 11918 | Lair:3   | Reached XP level 12. HP: 108/111 MP: 11/11
 11973 | Lair:3   | Found a staircase to the Swamp.
 13238 | Lair:4   | Reached skill level 16 in Axes
 13460 | Lair:4   | Noticed Josephine
 13476 | Lair:4   | Killed Josephine
 13502 | Lair:4   | Received a gift from Trog
 14002 | Lair:4   | Noticed an eight-headed hydra
 14008 | Lair:4   | Killed a ten-headed hydra
 14017 | Lair:4   | Reached skill level 17 in Axes
 14017 | Lair:4   | Reached XP level 13. HP: 119/119 MP: 12/12
 15606 | Lair:6   | Entered Level 6 of the Lair of Beasts
 15625 | Lair:6   | Reached skill level 15 in Armour
 15641 | Lair:6   | Received a gift from Trog
 16301 | Lair:6   | Paralysed by a hornet for 2 turns
 16362 | Lair:6   | Found a transporter.
 16363 | Lair:6   | Noticed GsBirdie's ghost (journeyman DrCj)
 16364 | Lair:6   | Found a transporter.
 16667 | Lair:6   | Found a viscous altar of Jiyva.
 16668 | Lair:6   | Found a staircase to the Slime Pits.
 16973 | Lair:6   | Found a runed door.
 16995 | Lair:6   | Reached skill level 18 in Axes
 17745 | Lair:6   | HP: 4/184 [poison (poison gas)]
 17746 | Lair:6   | Succumbed to poison (poison gas)

Skill      XL: |  1  2  3  4  5  6  7  8  9 10 11 12 13 |
---------------+----------------------------------------+-----
Axes           | 4 5 6 7 8 9 11 12 14 15 17 18 | 18.2
Fighting       | 4 5 6 7 8 9 10 11 12 13 | 13.6
Armour         | 5 8 10 12 14 16 | 16.1
Dodging        | |  2.1

Action                   |  1- 3 |  4- 6 |  7- 9 | 10-12 | 13-15 || total
-------------------------+-------+-------+-------+-------+-------++-------
Melee: Hand axe          |    59 |   150 |       |       |       ||   209
       Headbutt          |    13 |    21 |    79 |    98 |    54 ||   265
       War axe           |       |    18 |    76 |       |       ||    94
       Battleaxe         |       |       |   315 |   423 |    69 ||   807
       Executioner's axe |       |       |       |       |   140 ||   140
Invok: Berserk           |     2 |     1 |     3 |     7 |     5 ||    18
Evoke: Wand              |       |       |       |       |     1 ||     1
  Use: Potion            |       |     5 |     4 |     3 |       ||    12
       Scroll            |       |     7 |     4 |    10 |     2 ||    23
  Eat: Chunk             |     1 |     8 |    14 |    27 |    16 ||    66
       Ration            |       |     1 |       |       |       ||     1
Armor: Animal skin       |    12 |       |       |       |       ||    12
       Robe              |       |    11 |       |       |       ||    11
       Plate armour      |       |    57 |   227 |   383 |   199 ||   866
       Ring mail         |       |     9 |       |       |       ||     9
Dodge: Dodged            |    40 |    85 |   119 |   221 |   127 ||   592
Block: Other             |       |       |       |    27 |    26 ||    53
